 Seeded DCSS version 0.29-a0-911-g88e6f02907 (webtiles) character file.

Game seed: 5118218625386644923 (custom seed)

8 mathmaestro the Grave Robber (level 2, 20/20 HPs)
             Began as a Demonspawn Necromancer on July 25, 2022.
             Quit the game on level 1 of the Dungeon.
             The game lasted 00:01:08 (514 turns).

mathmaestro the Grave Robber (DsNe)                  Turns: 514, Time: 00:01:08

Health: 20/20      AC:  3    Str:  8    XL:     2   Next: 0%
Magic:  3/5        EV: 11    Int: 16    God:
Gold:   12         SH:  0    Dex: 13    Spells: 4/5 levels left

rFire   . . .      SeeInvis .   c - +0 dagger
rCold   . . .      Faith    .   (no shield)
rNeg    . . .      Spirit   .   e - +0 leather armour
rPois   .          Reflect  .   (no helmet)
rElec   .          Harm     .   (no cloak)
rCorr   .          Rampage  .   (no gloves)
Will    .....                   (no boots)
Stlth   ++........              (no amulet)
HPRegen 0.06/turn               (no ring)
MPRegen 0.09/turn               (no ring)

@: no status effects
A: claws 1
a: no special abilities


You were on level 1 of the Dungeon.
You visited 1 branch of the dungeon, and saw 1 of its levels.

You collected 12 gold pieces.

Inventory:

Hand Weapons
 c - a +0 dagger (weapon)
 f - a +0 falchion
Armour
 e - a +0 leather armour (worn)
Scrolls
 d - a scroll of teleportation {unknown}
Potions
 a - 2 potions of berserk rage {unknown}
 b - a potion of magic


   Skills:
 + Level 0.4 Fighting
 + Level 0.0 Armour
 + Level 1.9 Dodging
 - Level 2.0 Stealth
 + Level 2.1 Spellcasting
 + Level 4.4 Necromancy


You had 4 spell levels left.
You knew the following spells:

 Your Spells              Type           Power      Damage    Failure   Level
a - Necrotise             Necr           64%        1d7       4%          1

Your spell library contained the following spells:

 Spells                   Type           Power      Damage    Failure   Level
 Vampiric Draining        Necr           16%        2d7       14%         3
 Animate Dead             Necr           16%        N/A       43%         4
 Agony                    Necr           16%        N/A       78%         5


Dungeon Overview and Level Annotations

Branches:
Dungeon (1/15)

Altars:


Innate Abilities, Weirdness & Mutations

You have sharp fingernails.


Message History

Aim: a giant cockroach (moderately wounded, chance to affect: 85%)
The giant cockroach writhes in agony.
You kill the giant cockroach!
You start removing your armour.
You continue taking off your +0 robe. x4
You finish taking off your +0 robe.
You start putting on your armour.
You continue putting on your +0 leather armour. x5
You finish putting on your +0 leather armour.
You drop a +0 robe.
Found a short sword.
You open the door.
Found 4 stones.
There is an open door here.
a - 2 puce potions
Found a falchion.
Found 6 gold pieces.
You see here a +0 falchion.
f - a +0 falchion
Found a robe.
You now have 12 gold pieces (gained 6).
A rat comes into view.
A bat comes into view.
Found a stone staircase leading down.
The bat barely misses you.
You miss the bat. The bat hits you but does no damage.
Casting: Necrotise (safe; 4% risk of failure)
Confirm with . or Enter, or press ? or * to list all spells.
Aiming: Necrotise (safe; 4% risk of failure)
Press: ? - help, Shift-Dir - straight line, f - bat
Aim: a bat (chance to affect: 86%)
The bat writhes in agony.
You kill the bat!
The dead are flying!
The rat bites your bat skeleton.
Training target 2.0 for Stealth reached!
Your Stealth skill increases to level 2!
You have reached level 2!
You feel monstrous as your demonic heritage exerts itself.
Your demonic ancestry asserts itself...
Your fingernails lengthen.
Are you sure you want to abandon this character and quit the game? (Confirm with "yes".)

.'.....##..#..#.....#
.#..........#.......#
#####.###.#..#......#
#.# #[.#..#.....# #.#
##..........#
#.#####.........#
#...............#
#####......####..####
.#.........# #.@#
.'.........# #.Z#
.#.........# #.r#
#####......# ...# #
#......+ ....# #
#......#.....# +
#.###......>## # #.#
....... .# ..


You could see a rat (ally target) and a friendly bat skeleton.

Vanquished Creatures
  2 endoplasms (D:1)
  2 giant cockroaches (D:1)
  2 ball pythons (D:1)
  A bat (D:1)
  A kobold (D:1)
8 creatures vanquished.

Notes
Turn   | Place    | Note
-------+----------+-------------------------------------------
     0 | D:1      | mathmaestro the Demonspawn Necromancer began the quest for
                  | the Orb.
     0 | D:1      | Reached XP level 1. HP: 13/13 MP: 3/3
   514 | D:1      | Discovered your monstrous ancestry.
   514 | D:1      | Gained mutation: You have sharp fingernails. [demonic
                  | ancestry]
   514 | D:1      | Reached XP level 2. HP: 20/20 MP: 3/5
   514 | D:1      | Quit the game

Illustrated notes

Levels and vault maps discovered:
D:1:      arrival_zaba_pyramid, layout_basic, ebering_ecumenical_altar_webs,
          reono_crystal_passage, minmay_misc_feat_diagonals

Skill      XL: |  1 |
---------------+----+-----
Stealth        | 2 |  2.0
Fighting       | |  0.4
Dodging        | |  1.9
Spellcasting   | |  2.1
Necromancy     | |  4.4

Action                   || total
-------------------------++-------
Melee: Unarmed           ||     7
       Dagger            ||     6
       Punch             ||     2
 Cast: Necrotise         ||    16
Armor: Robe              ||     3
       Leather armour    ||     1
Dodge: Dodged            ||     6

Table legend: (Time is in decaauts)
 A = Elapsed time spent in this place.
 B = Non-inter-level travel time spent in this place.
 C = Inter-level travel time spent in this place.
 D = Time resting spent in this place.
 E = Time spent auto-exploring this place.
 F = Levels seen in this place.
 G = Mean time per level.
                   A        B        C        D        E       F      G
               +--------+--------+--------+--------+--------+-----+--------+
         Total |    513 |    513 |      0 |    235 |    187 |   1 |  513.0 |
       Dungeon |    513 |    513 |      0 |    235 |    187 |   1 |  513.0 |
               +--------+--------+--------+--------+--------+-----+--------+

Top non-repeatable levels by time:
     D:1: 513 daAuts
